 Dungeon Crawl Stone Soup version 0.25-a0-489-g9ae84a01e3 (webtiles) character file.

Game seed: 9368142163280455413, levelgen mode: deterministic

3947 Gargoyl the Covered (level 10, -3/78 (81) HPs)
             Began as a Centaur Abyssal Knight on Feb 11, 2020.
             Was a Priest of Lugonu.
             Killed by static electricity
             ... invoked by an insubstantial wisp
              (5 damage)
             ... on level 7 of the Dungeon.
             The game lasted 00:11:49 (9579 turns).

Gargoyl the Covered (Centaur Abyssal Knight)        Turns: 9579, Time: 00:11:49

HP:   -3/78 (81)    AC: 14    Str: 16    XL:     10   Next: 2%
MP:   16/16         EV:  8    Int: 11    God:    Lugonu [***...]
Gold: 436           SH:  3    Dex: 11    Spells: 9/9 levels left

rFire    . . .     SeeInvis +   o - +3 hand axe (vamp)
rCold    . . .     Gourm    .   z - +0 buckler
rNeg     . . .     Faith    .   m - +0 scale mail
rPois    .         Spirit   .   q - +2 helmet
rElec    .         Reflect  .   A - +2 cloak
rCorr    .         Harm     .   (no gloves)
MR       .....                  (no barding)
Stlth    ..........             x - amulet of regeneration
HPRegen  0.63/turn              g - ring of see invisible
MPRegen  0.15/turn              (no ring)

@: very quick
A: large, hooves 3, deformed body, speed 2, high mp 1, tough skin 3
a: Depart the Abyss, Bend Space, Banish, Renounce Religion


You were on level 7 of the Dungeon.
You worshipped Lugonu.
Lugonu was most pleased with you.
You were not hungry.

You visited 1 branch of the dungeon, and saw 7 of its levels.
You visited the Abyss 1 time.

You collected 436 gold pieces.

Inventory:

Hand Weapons
 a - a +1 hand axe
 o - a +3 vampiric hand axe (weapon)
Armour
 m - a +0 scale mail (worn)
 q - a +2 helmet (worn)
 z - a +0 buckler (worn)
 A - a +2 cloak (worn)
Jewellery
 g - a ring of see invisible (left hand)
 x - an amulet of regeneration (around neck)
Wands
 h - a wand of flame (17)
 n - a wand of enslavement (4)
 p - a wand of polymorph (4)
 r - a wand of iceblast (15)
 B - a wand of disintegration (16)
 D - a wand of paralysis (7)
Scrolls
 d - a scroll of enchant armour
 f - a scroll of identify
 t - a scroll of fog
 w - a scroll of magic mapping
 y - a scroll of remove curse
Potions
 b - a potion of cancellation
 i - 5 potions of curing
 j - a potion of flight
 k - 2 potions of lignification
 l - a potion of heal wounds
 s - a potion of resistance
 u - a potion of invisibility {unknown}
 v - 2 potions of brilliance
Comestibles
 c - 18 rations


   Skills:
 + Level 5.1 Fighting
 + Level 6.2 Axes
 * Level 7.3 Armour
 * Level 4.0 Dodging
 * Level 6.3 Invocations
 + Level 1.0 Evocations


You had 9 spell levels left.
You didn't know any spells.
Your spell library contained the following spells:

 Spells                   Type           Power        Failure   Level  Hunger
 Animate Skeleton         Necr           N/A          88%         1    ##.....
 Apportation              Tloc           #.....       88%         1    ##.....
 Corona                   Hex            #......      88%         1    ##.....
 Summon Small Mammal      Summ           #...         88%         1    ##.....


Dungeon Overview and Level Annotations

Branches:
Dungeon (7/15)             Temple (0/1) D:7

Altars:
Ashenzari
Nemelex Xobeh
Qazlal
Wu Jian


Innate Abilities, Weirdness & Mutations

You have hooves in place of feet.
Armour fits poorly on your strangely shaped body.
You cover ground very quickly.
You have extremely tough skin. (AC +3)
You have an increased reservoir of magic. (+10% MP)


Message History

The ice beast freezes you.
* * * LOW HITPOINT WARNING * * *
You hit the ice beast but do no damage.
You kick the ice beast, but do no damage.
The ice beast is lightly wounded.
You closely miss the sky beast. You hit the insubstantial wisp.
You hit the steam dragon.
You feel better. The sky beast hits you.
* * * LOW HITPOINT WARNING * * *
The sky beast shocks you.
* * * LOW HITPOINT WARNING * * *
The steam dragon closely misses you.
The steam dragon claws you but does no damage.
The insubstantial wisp hits you but does no damage.
You block the ice beast's attack. The steam dragon breathes steam at you.
The ball of steam hits you!
* * * LOW HITPOINT WARNING * * *
The insubstantial wisp thrums sharply.
You are struck by an arc of lightning.
You die...

.##.....## ....... ... ........#
#........ ... ........#
#.......... ... ........##
#......>... ...
..........########.......... ...
................##.......... ...
..................D......... ...
.#...#####......v§Y........ ...
#...## ###...@Y..≈..#..#. ...
#)..# #...§.>%....≈≈≈≈. ...
#...# ##..§.≈..†..§≈≈≈≈§ ..#
....#######.........#§≈§..≈§
......##.............≈≈.$..≈
......<......##......≈≈.##$.≈≈..
###.......#####......≈≈#:#
#≈≈..# ##.....## ##.....≈≈.$#
.≈≈... ###......##
#.....≈≈≈..$.≈≈...


You could see a steam dragon, an ice beast, a sky beast (invisible) and an
insubstantial wisp.

Vanquished Creatures
  A two-headed ogre (D:4)
  Pikel (D:4)
  An insubstantial wisp (D:7)
  2 water moccasins
  3 sky beasts
  A necrophage (D:7)
  An ice beast (D:7)
  A phantom (D:5)
  3 centaurs
  5 ogres
  3 bullfrogs
  2 scorpions
  2 wyvern skeletons (D:6)
  3 howler monkeys (D:7)
  2 crimson imps
  A bullfrog zombie (D:5)
  A centaur zombie (D:7)
  2 hounds
  3 orc priests
  An iguana (D:6)
  Ijyb (D:3)
  5 orc wizards (D:7)
  Natasha (thrice) (D:2)
  8 worker ants
  A killer bee zombie (D:7)
  4 adders
  2 shadow imps (D:7)
  An ooze (D:3)
  A worm (D:3)
  A dart slug (D:1)
  2 leopard geckos
  17 orcs
  A ball python (D:4)
  6 giant cockroaches
  2 hobgoblins
  6 jackals
  2 quokkas
  5 bats
  4 frilled lizards
  19 goblins
  6 kobolds
  A quokka zombie (D:5)
  2 rats
139 creatures vanquished.

Vanquished Creatures (others)
  2 starspawn tentacles (Abyss:2)
2 creatures vanquished.

Grand Total: 141 creatures vanquished

Notes
Turn   | Place    | Note
-------+----------+-------------------------------------------
     0 | Abyss:1  | Gargoyl the Centaur Abyssal Knight began the quest for the
                  | Orb.
     0 | Abyss:1  | Reached XP level 1. HP: 19/19 MP: 2/2
    72 | Abyss:1  | Found a corrupted altar of Lugonu.
    72 | Abyss:1  | Found a radiant altar of Vehumet.
    75 | Abyss:1  | Found a corrupted altar of Lugonu.
   174 | Abyss:1  | Noticed a large abomination
   263 | Abyss:2  | Noticed a glowing orange brain
   353 | Abyss:2  | Noticed a small abomination
   356 | Abyss:2  | Noticed a tentacled starspawn
   361 | Abyss:2  | Noticed a large abomination
   363 | Abyss:2  | Noticed a large abomination
   376 | Abyss:2  | Noticed an apocalypse crab
   379 | Abyss:2  | Noticed a rakshasa
   381 | D:1      | Escaped the Abyss
   616 | D:1      | Reached * piety under Lugonu
   828 | D:1      | Reached XP level 2. HP: 26/26 MP: 3/3
  1233 | D:1      | Reached skill level 1 in Dodging
  1404 | D:2      | Noticed Natasha
  1416 | D:2      | Killed Natasha
  1416 | D:2      | Reached XP level 3. HP: 13/31 MP: 4/4
  1695 | D:2      | Reached skill level 2 in Armour
  1803 | D:2      | Found a shattered altar of Ashenzari.
  2011 | D:2      | Noticed Natasha
  2023 | D:2      | Killed Natasha
  2023 | D:2      | Reached XP level 4. HP: 22/38 MP: 5/5
  2264 | D:2      | Noticed Natasha
  2273 | D:2      | Killed Natasha
  2898 | D:3      | Gained mutation: You evolve. [potion of mutation]
  2898 | D:3      | Gained mutation: You have an increased reservoir of magic.
                  | (+10% MP) [potion of mutation]
  3103 | D:3      | Noticed an ogre
  3123 | D:3      | Killed an ogre
  3123 | D:3      | Reached XP level 5. HP: 40/46 MP: 8/8
  3327 | D:3      | Noticed Ijyb
  3333 | D:3      | Reached ** piety under Lugonu
  3347 | D:3      | Killed Ijyb
  3510 | D:3      | Noticed Sigmund
  3554 | D:3      | Noticed Sigmund
  3575 | D:3      | Killed Sigmund the worker ant
  3575 | D:3      | Reached XP level 6. HP: 24/52 MP: 9/9
  3641 | D:3      | Lost mutation: You evolve. [evolution]
  4111 | D:3      | You fall into a shaft and drop 3 floors!
  4112 | D:6      | Noticed a sky beast
  4129 | D:6      | Killed a sky beast
  4129 | D:6      | Reached skill level 3 in Armour
  4657 | D:6      | Reached XP level 7. HP: 29/58 MP: 10/10
  4839 | D:5      | Entered Level 5 of the Dungeon
  5214 | D:5      | Reached skill level 4 in Armour
  6034 | D:5      | Reached XP level 8. HP: 54/66 MP: 12/12
  6765 | D:4      | You fall into a shaft and drop 2 floors!
  6828 | D:6      | Reached skill level 5 in Armour
  7282 | D:4      | Found a stormy altar of Qazlal.
  7453 | D:4      | Got a faintly glowing robe
  7464 | D:4      | Identified the +0 robe "Xoysimud" {Int+2} (You found it on
                  | level 4 of the Dungeon)
  7673 | D:4      | Noticed a two-headed ogre
  7687 | D:4      | Killed a two-headed ogre
  7687 | D:4      | Reached skill level 5 in Axes
  7687 | D:4      | Reached skill level 6 in Armour
  7687 | D:4      | Reached skill level 5 in Invocations
  7687 | D:4      | Reached XP level 9. HP: 72/72 MP: 12/14
  7767 | D:4      | Found a stormy altar of Qazlal.
  7768 | D:4      | Noticed Pikel
  7800 | D:4      | Killed Pikel
  7800 | D:4      | Reached skill level 1 in Evocations
  8366 | D:6      | Found a sparkling altar of Nemelex Xobeh.
  8587 | D:7      | Reached *** piety under Lugonu
  8641 | D:7      | Reached skill level 7 in Armour
  9221 | D:7      | Reached skill level 5 in Fighting
  9254 | D:7      | Found an ornate altar of the Wu Jian Council.
  9271 | D:7      | Found a staircase to the Ecumenical Temple.
  9568 | D:7      | Reached XP level 10. HP: 59/78 MP: 16/16
  9579 | D:7      | HP: 2/78 [steam dragon/ball of steam (11)]
  9579 | D:7      | Killed from afar by an insubstantial wisp

Levels and vault maps discovered:
D:1:      giann_wishing_wells, layout_basic, dk_noncrumbling_3
D:2:      layout_basic, evilmike_ruin_ashenzari, first_ration,
          bh_walls_and_bars, uniq_natasha
D:3:      kennysheep_goblin_castle, layout_basic, minmay_ogre_servants,
          uniq_sigmund
D:4:      layout_loops_ring, lemuel_crystal_altar,
          nicolae_qazlal_general_emergency, uniq_pikel
D:5:      wad_river_or_something, layout_basic
D:6:      layout_cave_pools, lemuel_round_altar, minmay_stone_trees_medium
D:7:      layout_layer_cave, old_standard_altar,
          minmay_temple_entry_gardened_gates, hangedman_misty_isle

Skill      XL: |  1  2  3  4  5  6  7  8  9 |
---------------+----------------------------+-----
Dodging        | 1 2 3 4 |  4.0
Axes           | 2 3 5 6 |  6.2
Armour         | 2 3 4 6 7 |  7.3
Invocations    | 3 4 5 6 |  6.3
Fighting       | 4 5 |  5.1
Evocations     | 1 |  1.0

Action                   |  1- 3 |  4- 6 |  7- 9 | 10-12 || total
-------------------------+-------+-------+-------+-------++-------
Melee: Hand axe          |    96 |   148 |   358 |     7 ||   609
       Kick              |     8 |    30 |   102 |     2 ||   142
       Unarmed           |       |     4 |       |       ||     4
Invok: Depart the Abyss  |     1 |       |       |       ||     1
Evoke: Wand              |       |     3 |     8 |       ||    11
  Use: Scroll            |     4 |    10 |    11 |       ||    25
       Potion            |       |     3 |       |       ||     3
  Eat: Chunk             |     2 |     4 |    14 |       ||    20
       Ration            |       |     1 |       |       ||     1
Armor: Leather armour    |    30 |       |       |       ||    30
       Scale mail        |    33 |    87 |   227 |     6 ||   353
       Skin              |       |    16 |     2 |       ||    18
Dodge: Dodged            |    65 |    54 |   175 |     1 ||   295
Block: Buckler           |       |       |    12 |     1 ||    13

Table legend:
 A = Non-vault XP
 B = Vault XP
 C = Vault XP percentage of total XP
 D = Non-vault monster count
 E = Vault monster count
 F = Vault count percentage of total count
                 A         B        C        D         E       F
            +---------+---------+-------+---------+---------+-------
      Total |    3958 |    1681 |  29.8 |     107 |      32 |  23.0
            +---------+---------+-------+---------+---------+-------
        D:1 |      23 |       0 |   0.0 |      15 |       0 |   0.0
        D:2 |      97 |      35 |  26.5 |      10 |       1 |   9.1
        D:3 |      23 |     220 |  90.5 |       9 |      22 |  71.0
        D:4 |    1125 |     607 |  35.0 |      10 |       1 |   9.1
        D:5 |     450 |     397 |  46.9 |      11 |       5 |  31.2
        D:6 |     986 |       0 |   0.0 |      22 |       0 |   0.0
        D:7 |    1254 |     422 |  25.2 |      30 |       3 |   9.1
            +---------+---------+-------+---------+---------+-------
